 Dungeon Crawl Stone Soup version 0.29-a0-925-g0a7a3d12f8 (webtiles) character file.

Game seed: 8380304989462815285

111 MirrMurr the Poker (level 4, -6/34 HPs)
             Began as a Demonspawn Gladiator on July 29, 2022.
             Mangled by a gnoll
             ... wielding a +0 spear
              (9 damage)
             ... on level 3 of the Dungeon.
             The game lasted 00:04:53 (2898 turns).

MirrMurr the Poker (Demonspawn Gladiator)           Turns: 2898, Time: 00:04:54

Health: -6/34      AC:  9    Str: 17    XL:     4   Next: 62%
Magic:  4/4        EV: 10    Int: 11    God:
Gold:   166        SH:  0    Dex: 14    Spells: 3/3 levels left

rFire   . . .      SeeInvis .   a - +0 trident
rCold   . . .      Faith    .   (no shield)
rNeg    . . .      Spirit   .   w - +0 scale mail
rPois   .          Reflect  .   c - +0 helmet
rElec   .          Harm     .   v - +0 cloak
rCorr   .          Rampage  .   k - +0 pair of gloves
Will    .....                   (no boots)
Stlth   ..........              (no amulet)
HPRegen 0.11/turn               (no ring)
MPRegen 0.18/turn               (no ring)

@: hasted, very quick
A: magic regeneration, big brain 1, weakness stinger 1
a: no special abilities


You were on level 3 of the Dungeon.
You visited 1 branch of the dungeon, and saw 3 of its levels.

You collected 166 gold pieces.

Inventory:

Hand Weapons
 a - a +0 trident (weapon)
Missiles
 d - 2 throwing nets
 e - a javelin
 j - 34 stones (quivered)
 l - 3 poisoned darts
 n - 5 boomerangs
Armour
 c - a +0 helmet (worn)
 k - a +0 pair of gloves (worn)
 v - a +0 cloak (worn)
 w - a +0 scale mail (worn)
Wands
 y - a wand of iceblast (8)
Scrolls
 b - a scroll of acquirement {unknown}
 h - 3 scrolls of identify {unknown}
 o - a scroll of fear {unknown}
 p - a scroll of torment {unknown}
 t - 2 scrolls of magic mapping {unknown}
 u - a scroll of silence {unknown}
 C - a scroll of teleportation {unknown}
Potions
 f - a potion of might {unknown}
 g - a potion of attraction {unknown}
 i - 2 potions of lignification {unknown}
 m - 2 potions of haste
 q - a potion of resistance {unknown}
 r - 2 potions of degeneration {unknown}
 s - a potion of heal wounds {unknown}
 x - a potion of ambrosia {unknown}
 z - 2 potions of brilliance {unknown}
 A - 2 potions of flight {unknown}
 B - a potion of cancellation {unknown}


   Skills:
 + Level 2.7 Fighting
 * Level 3.7 Polearms
 + Level 2.5 Throwing
 + Level 3.3 Dodging


You had 3 spell levels left.
You didn't know any spells.
Your spell library was empty.

Dungeon Overview and Level Annotations

Branches:
Dungeon (3/15)

Altars:


Innate Abilities, Weirdness & Mutations

You regenerate magic rapidly.
You have an unusually large brain. (Int +2)
You have a small tail.


Message History

The gnoll is heavily wounded.
The gnoll hits you from afar with a +0 halberd!
The gnoll barely misses you.
You reach to attack!
You hit the gnoll but do no damage.
The gnoll is heavily wounded.
The gnoll hits you from afar with a +0 halberd.
You reach to attack!
You puncture the gnoll!
You kill the gnoll!
No target in view!
No target in view!
HP restored.
There is an open door here.
A gnoll comes into view. It is wielding a +0 spear.
The gnoll shouts!
The gnoll barely misses you.
You reach to attack!
You hit the gnoll.
The gnoll is moderately wounded.
The gnoll hits you from afar with a +0 spear.
You reach to attack!
You completely miss the gnoll.
The gnoll is moderately wounded.
The gnoll drinks a potion.
The gnoll goes berserk!
You reach to attack!
You hit the gnoll but do no damage.
The gnoll is lightly wounded.
The gnoll hits you from afar with a +0 spear. x2
You reach to attack!
You puncture the gnoll!
The gnoll is severely wounded.
The gnoll barely misses you.
The gnoll hits you from afar with a +0 spear!
* * * LOW HITPOINT WARNING * * *
You are too injured to fight recklessly!
You are too injured to fight recklessly!
You are too injured to fight recklessly!
The gnoll barely misses you.
The gnoll hits you from afar with a +0 spear.
* * * LOW HITPOINT WARNING * * *
The gnoll hits you from afar with a +0 spear.
* * * LOW HITPOINT WARNING * * *
It was a potion of haste.
You feel yourself speed up.
The gnoll hits you from afar with a +0 spear!
You die...

..######'###########.#.##.#######
...# #.............#.##.)......
.#.# ###############.#.#########.
##.# w........#.#................
#.# ....g....#......#.##########
#.# ##'##....#.#.# #.#
#..##.#..#)#.# #.# #..8######.#.#
#.# ##..g.@..'.#.########## #.#
##.......#...).....So.. #.#
#..8######.#+########## #.# #..##
#............# #.# ##'#
#.##.........# ##.## ...
#.##.........# ....# ....)
#.##.........# ....# .####..
#.##.........# ###.#
###########.#....#######


You could see a gnoll (berserk).

Vanquished Creatures
  3 gnolls (D:3)
  3 adders
  2 worms
  A dart slug (D:2)
  An orc (D:2)
  6 ball pythons
  3 bats
  2 endoplasms
  A giant cockroach (D:2)
  4 goblins
  9 hobgoblins
  6 kobolds
  A quokka (D:2)
  A frilled lizard (D:3)
  4 rats
47 creatures vanquished.

Notes
Turn   | Place    | Note
-------+----------+-------------------------------------------
     0 | D:1      | MirrMurr the Demonspawn Gladiator began the quest for the
                  | Orb.
     0 | D:1      | Reached XP level 1. HP: 16/16 MP: 1/1
   224 | D:1      | Gained mutation: You have a small tail. [demonic ancestry]
   224 | D:1      | Reached XP level 2. HP: 22/22 MP: 2/2
  1065 | D:2      | Gained mutation: You have an unusually large brain. (Int
                  | +2) [demonic ancestry]
  1065 | D:2      | Reached XP level 3. HP: 28/28 MP: 3/3
  1194 | D:2      | Found a faded altar of an unknown god.
  1806 | D:3      | Noticed an ogre
  2295 | D:3      | Gained mutation: You regenerate magic rapidly. [demonic
                  | ancestry]
  2295 | D:3      | Reached XP level 4. HP: 27/34 MP: 4/4
  2898 | D:3      | Mangled by a gnoll

Illustrated notes

Levels and vault maps discovered:
D:1:      spicycebolla_green_bress_n_ham, layout_loops_ring
D:2:      layout_basic, dreamdust_ecumenical_altar_sealed_demon
D:3:      minmay_chambers_of_twos, layout_basic, lemuel_doored_altar,
          ebering_ghost_inner_flame

Skill      XL: |  1  2 |
---------------+-------+-----
Throwing       | 2 |  2.5
Polearms       | 3 |  3.7
Dodging        | 3 |  3.3
Fighting       | |  2.7

Action                   |  1- 3 |  4- 6 || total
-------------------------+-------+-------++-------
Melee: Trident           |   122 |    25 ||   147
       Tailslap          |     9 |     2 ||    11
       Punch             |     1 |       ||     1
Throw: Throwing net      |       |     2 ||     2
  Use: Potion            |       |     1 ||     1
 Stab: Sleeping          |     3 |       ||     3
Armor: Leather armour    |    17 |       ||    17
       Scale mail        |    30 |     4 ||    34
Dodge: Dodged            |    69 |    12 ||    81

Table legend: (Time is in decaauts)
 A = Elapsed time spent in this place.
 B = Non-inter-level travel time spent in this place.
 C = Inter-level travel time spent in this place.
 D = Time resting spent in this place.
 E = Time spent auto-exploring this place.
 F = Levels seen in this place.
 G = Mean time per level.
                   A        B        C        D        E       F      G
               +--------+--------+--------+--------+--------+-----+--------+
         Total |   2920 |   2781 |    139 |     11 |   2233 |   3 |  973.3 |
       Dungeon |   2920 |   2781 |    139 |     11 |   2233 |   3 |  973.3 |
               +--------+--------+--------+--------+--------+-----+--------+

Top non-repeatable levels by time:
     D:1: 1258 daAuts
     D:3: 849 daAuts
     D:2: 812 daAuts
